 Dungeon Sprint DCSS version 0.28.0-53-g5a82cb258f (webtiles) character file.

Game seed: 4476219555088259504

7100000 Zeld the Intangible (level 27, -43/228 HPs)
             Began as a Djinni Monk on May 26, 2022.
             Was the Champion of Makhleb.
             Annihilated by a sculptor of flesh
             ... wielding a +9 great sword
              (271 damage)
             ... in the Dungeon (Sprint VIII: "Arena of Blood").
             The game lasted 00:01:27 (71 turns).

Zeld the Intangible (Djinni Monk)                     Turns: 71, Time: 00:01:27

Health: -43/228    AC:  4    Str: 20    XL:     27
Gold:   0          EV: 30    Int: 14    God:    Makhleb [******] SH:  0 Dex: 18

rFire   + + .      SeeInvis .   g - +∞ Axe of Woe
rCold   x . .      Faith    .   (shield currently unavailable)
rNeg    . . .      Spirit   .   a - +0 robe
rPois   ∞          Reflect  .   (no helmet)
rElec   .          Harm     .   (no cloak)
rCorr   .          Rampage  .   (no gloves)
Will    ++...      NoTele   +   (boots unavailable)
Stlth   ++++++++++              (no amulet)
HPRegen 0.48/turn               (no ring)
MPRegen 0.00/turn               (no ring)

@: on vortex cooldown, flying
A: sickness immunity, fire resistance 2, cold vulnerability 1, float, innate
caster, HP casting, extra vitality 1
a: Renounce Religion, Minor Destruction, Lesser Servant of Makhleb, Major
Destruction, Greater Servant of Makhleb


You were in the Dungeon.
You worshipped Makhleb.
Makhleb was exalted by your worship.
You visited 1 branch

Inventory:

Hand Weapons
 g - the +∞ Axe of Woe (weapon)
   (You found it in the Dungeon)
Armour
 a - a +0 robe (worn)
Scrolls
 f - a scroll of blinking
Potions
 b - a potion of curing
 c - a potion of heal wounds
 d - a potion of haste
 e - a potion of berserk rage


   Skills:
 O Level 27 Fighting
 + Level 26.1(27) Short Blades
 + Level 26.1(27) Long Blades
 O Level 27 Axes
 + Level 24.2(27) Maces & Flails
 + Level 24.2(27) Polearms
 + Level 26.1(27) Staves
 + Level 24.2(27) Slings
 + Level 24.2 Bows
 + Level 24.2 Crossbows
 + Level 24.2(27) Throwing
 + Level 26.6 Armour
 O Level 27 Dodging
 O Level 27 Stealth
 + Level 26.6 Shields
 - Level 3.0 Unarmed Combat
 O Level 27 Spellcasting
 + Level 26.6 Invocations
 + Level 26.6 Evocations


You had 9 spell levels left.
You knew the following spells:

 Your Spells              Type           Power      Damage    Failure   Level
a - Sandblast             Erth           100%       2d20      0%          1
b - Ensorcelled Hibernat  Hex/Ice        100%       N/A       0%          2
c - Teleport Other        Tloc           76%        N/A       0%          3
d - Hailstorm             Conj/Ice       76%        3d16      0%          4
e - Manifold Assault      Tloc           76%        N/A       0%          5
f - Blade Hands           Tmut           38%        N/A       0%          5
g - Summon Cactus Giant   Summ           38%        N/A       0%          6
h - Dispersal             Tloc           38%        N/A       0%          6
i - Simulacrum            Ice/Necr       38%        N/A       0%          6
j - Disjunction           Tloc           38%        N/A       1%          8
k - Enfeeble              Hex            38%        N/A       1%          7
l - Shatter               Erth           38%        3d30*     2%          9
m - Polar Vortex          Ice            38%        N/A       2%          9
Your spell library was empty.

Dungeon Overview and Level Annotations

Branches:
Dungeon (1/1)

Altars:
Makhleb


Innate Abilities, Weirdness & Mutations

You are immune to sickness and miasma.
You are immune to poison.
Your flesh is very heat resistant. (rF++)
You are vulnerable to cold. (rC-)
You float through the air rather than walking.
You learn spells naturally, not from books.
Your magical power is your life essence.
You have superior vitality. (+4 MHP)


Message History

A large bag of meat comes into view. It is wielding a +9 giant spiked club.
You hear a shout! x2
The destroyer gestures at you while chanting.
The destroyer blinks!
You hear a shout!
A dread comes into view.
Your base Short Blades skill increases to level 26!
Your base Long Blades skill increases to level 26!
Your base Maces & Flails skill increases to level 24!
Your base Polearms skill increases to level 24!
Your base Staves skill increases to level 26!
Your base Slings skill increases to level 24!
Your Bows skill increases to level 24!
Your Crossbows skill increases to level 24!
Your base Throwing skill increases to level 24!
Your Armour skill increases to level 26!
Your Shields skill increases to level 26!
Your Invocations skill increases to level 26!
Your Evocations skill increases to level 26!
Unknown command.
Unknown command.
Unknown command.
Casting: Manifold Assault (safe; 0% risk of failure)
Confirm with . or Enter, or press ? or * to list all spells.
Space momentarily warps into an impossible shape!
You hit the destroyer.
You pulverise the destroyer into a thin bloody mist.
You destroy the destroyer!
Makhleb accepts your kill.
You feel better.
You slice the bag of meat!!
You hew the bag of meat savagely.
You kill the bag of meat!
Makhleb accepts your kill.
You feel better.
You slash the dread!
You slaughter the dread joyfully.
You destroy the dread!
Makhleb accepts your kill.
You feel better.
You hear a shout! x2
The sculptor of flesh hits you with a +9 great sword!!!!!
Ouch! That really hurt!
You die...

.§○. .. ))○ .O§
#.§ .)# #§§ §§#
. .)###§§
§§###..
.))§§§§###§§§§).
...§§§§§§§§§§§..
..)..#§§§§§#....
... #§§@§§# . .
#§§§z§#
.§§§§§§§§§§§
))§§§§###§§§§.)
.###§§ §§###).
#§§ §§# . #..
.)# ). .))


You could see a sculptor of flesh and a large bag of meat (inner flame).

Vanquished Creatures
  2 royal mummies (D)
  3 wraiths (D)
  8 vampire knights (D)
  25 ogres (D)
  3 two-headed ogres (D)
  4 liches (D)
  40 orcs (D)
  2 skeletal warriors (D)
87 creatures vanquished.

Notes
Turn   | Place    | Note
-------+----------+-------------------------------------------
     0 | D        | Found the +∞ Axe of Woe
     0 | D        | Zeld the Djinni Monk began the quest for the Orb.
     0 | D        | Reached XP level 1. HP: 20/20 MP: 0/0
     2 | D        | Noticed a bag of meat
     3 | D        | Noticed a meat berserker
     4 | D        | Became a worshipper of Makhleb the Destroyer
     4 | D        | Reached * piety under Makhleb
     4 | D        | Reached ** piety under Makhleb
     5 | D        | Noticed a bag of meat
     6 | D        | Killed a meat berserker
     6 | D        | Noticed a bag of meat
     7 | D        | Reached skill level 15 in Fighting
     7 | D        | Reached skill level 5 in Stealth
     7 | D        | Reached XP level 2. HP: 44/44 MP: 0/0
     7 | D        | Reached XP level 3. HP: 49/49 MP: 0/0
     7 | D        | Learned a level 1 spell: Sandblast
     7 | D        | Reached XP level 4. HP: 56/56 MP: 0/0
     7 | D        | Reached XP level 5. HP: 61/61 MP: 0/0
     7 | D        | Learned a level 2 spell: Ensorcelled Hibernation
     7 | D        | Reached XP level 6. HP: 67/67 MP: 0/0
     7 | D        | Reached XP level 7. HP: 73/73 MP: 0/0
     7 | D        | Learned a level 3 spell: Teleport Other
     7 | D        | Reached XP level 8. HP: 79/79 MP: 0/0
     7 | D        | Reached XP level 9. HP: 85/85 MP: 0/0
     7 | D        | Learned a level 4 spell: Hailstorm
     7 | D        | Reached XP level 10. HP: 92/92 MP: 0/0
     7 | D        | Reached XP level 11. HP: 97/97 MP: 0/0
     7 | D        | Learned a level 5 spell: Manifold Assault
     7 | D        | Reached XP level 12. HP: 103/103 MP: 0/0
     7 | D        | Killed a bag of meat
     7 | D        | Noticed a meat berserker
     8 | D        | Reached XP level 13. HP: 112/112 MP: 0/0
     8 | D        | Learned a level 5 spell: Blade Hands
     8 | D        | Killed a meat berserker
     8 | D        | Killed a bag of meat
     8 | D        | Reached *** piety under Makhleb
     8 | D        | Killed a bag of meat
     9 | D        | Reached skill level 15 in Axes
     9 | D        | Reached XP level 14. HP: 126/126 MP: 0/0
    11 | D        | Noticed a bag of meat
    11 | D        | Noticed a meat berserker
    11 | D        | Noticed a meat berserker
    11 | D        | Noticed a bag of meat
    12 | D        | Noticed a bag of meat
    12 | D        | Noticed a bag of meat
    12 | D        | Noticed a bag of meat
    12 | D        | Noticed a bag of meat
    12 | D        | Noticed a meat berserker
    13 | D        | Killed a bag of meat
    13 | D        | Killed a bag of meat
    13 | D        | Reached **** piety under Makhleb
    13 | D        | Killed a bag of meat
    13 | D        | Noticed a bag of meat
    13 | D        | Noticed a meat berserker
    13 | D        | Noticed a bag of meat
    14 | D        | Reached skill level 15 in Spellcasting
    14 | D        | Reached XP level 15. HP: 137/137 MP: 0/0
    14 | D        | Learned a level 6 spell: Summon Cactus Giant
    14 | D        | Killed a meat berserker
    14 | D        | Killed a meat berserker
    14 | D        | Reached ***** piety under Makhleb
    14 | D        | Noticed a meat berserker
    15 | D        | Reached skill level 10 in Stealth
    15 | D        | Reached XP level 16. HP: 148/148 MP: 0/0
    15 | D        | Killed a meat berserker
    15 | D        | Killed a meat berserker
    16 | D        | Reached skill level 27 in Dodging
    16 | D        | Reached XP level 17. HP: 159/159 MP: 0/0
    16 | D        | Learned a level 6 spell: Dispersal
    16 | D        | Killed a meat berserker
    17 | D        | Reached skill level 27 in Fighting
    17 | D        | Reached XP level 18. HP: 167/167 MP: 0/0
    17 | D        | Reached ****** piety under Makhleb
    19 | D        | Reached skill level 27 in Axes
    19 | D        | Reached XP level 19. HP: 174/174 MP: 0/0
    19 | D        | Learned a level 6 spell: Simulacrum
    19 | D        | Noticed a destroyer
    20 | D        | Killed a destroyer
    21 | D        | Reached skill level 15 in Stealth
    21 | D        | Reached skill level 27 in Spellcasting
    26 | D        | Noticed a destroyer
    27 | D        | Killed a destroyer
    27 | D        | Noticed a meat berserker
    27 | D        | Noticed a meat berserker
    28 | D        | Killed a meat berserker
    28 | D        | Killed a meat berserker
    28 | D        | Noticed a destroyer
    28 | D        | Noticed a large bag of meat
    28 | D        | Noticed a meat berserker
    29 | D        | Reached skill level 27 in Stealth
    29 | D        | Reached XP level 20. HP: 181/181 MP: 0/0
    29 | D        | Killed a large bag of meat
    29 | D        | Killed a meat berserker
    29 | D        | Killed a destroyer
    29 | D        | Noticed a destroyer
    30 | D        | Reached XP level 21. HP: 187/187 MP: 0/0
    30 | D        | Learned a level 8 spell: Disjunction
    30 | D        | Killed a destroyer
    31 | D        | Noticed a large bag of meat
    32 | D        | Killed a large bag of meat
    32 | D        | Noticed a meat berserker
    33 | D        | Reached skill level 10 in Short Blades
    33 | D        | Reached skill level 10 in Long Blades
    33 | D        | Reached skill level 10 in Staves
    33 | D        | Reached skill level 10 in Armour
    33 | D        | Reached skill level 10 in Shields
    33 | D        | Reached skill level 10 in Invocations
    33 | D        | Reached skill level 10 in Evocations
    33 | D        | Killed a meat berserker
    34 | D        | Reached skill level 10 in Maces & Flails
    34 | D        | Reached skill level 10 in Polearms
    34 | D        | Reached skill level 10 in Slings
    34 | D        | Reached skill level 10 in Bows
    34 | D        | Reached skill level 10 in Crossbows
    34 | D        | Reached skill level 10 in Throwing
    34 | D        | Reached XP level 22. HP: 194/194 MP: 0/0
    34 | D        | Noticed a meat berserker
    36 | D        | Killed a meat berserker
    36 | D        | Noticed a meat berserker
    36 | D        | Noticed a meat berserker
    37 | D        | Killed a meat berserker
    37 | D        | Killed a meat berserker
    38 | D        | Reached XP level 23. HP: 201/201 MP: 0/0
    38 | D        | Learned a level 7 spell: Enfeeble
    40 | D        | Noticed a destroyer
    41 | D        | Noticed a destroyer
    43 | D        | Noticed a large bag of meat
    44 | D        | Killed a large bag of meat
    44 | D        | Killed a destroyer
    44 | D        | Killed a destroyer
    45 | D        | Reached skill level 15 in Maces & Flails
    45 | D        | Reached skill level 15 in Polearms
    45 | D        | Reached skill level 15 in Slings
    45 | D        | Reached skill level 15 in Bows
    45 | D        | Reached skill level 15 in Crossbows
    45 | D        | Reached skill level 15 in Throwing
    45 | D        | Reached XP level 24. HP: 208/208 MP: 0/0
    45 | D        | Noticed a tyrant
    46 | D        | Killed a tyrant
    47 | D        | Noticed a tyrant
    48 | D        | Killed a tyrant
    49 | D        | Reached XP level 25. HP: 214/214 MP: 0/0
    49 | D        | Learned a level 9 spell: Shatter
    50 | D        | Noticed a tyrant
    50 | D        | Noticed a destroyer
    51 | D        | Killed a tyrant
    51 | D        | Killed a destroyer
    52 | D        | Reached XP level 26. HP: 221/221 MP: 0/0
    53 | D        | Noticed an accursed
    53 | D        | Killed an accursed
    59 | D        | Reached XP level 27. HP: 221/228 MP: 0/0
    59 | D        | Learned a level 9 spell: Polar Vortex
    59 | D        | Noticed a tyrant
    60 | D        | Noticed an accursed
    65 | D        | Noticed a destroyer
    67 | D        | Killed an accursed
    68 | D        | Noticed a dread
    68 | D        | Noticed a dread
    69 | D        | Killed a dread
    69 | D        | Killed a dread
    70 | D        | Killed a tyrant
    70 | D        | Noticed a large bag of meat
    70 | D        | Noticed a dread
    71 | D        | Killed a destroyer
    71 | D        | Killed a dread
    71 | D        | Annihilated by a sculptor of flesh

Illustrated notes

Levels and vault maps discovered:
D:        meatsprint

Skill      XL: |  1  2  3  4  5  6  7  8  9 10 11 12 13 14 15 16 17 18 19 20 21 22 23 24 25 26 27 |
---------------+----------------------------------------------------------------------------------+-----
Fighting       | 15 17 20 22 24 26 27 | 27.0
Axes           | 11 12 15 17 20 22 25 27 | 27.0
Dodging        | 17 18 22 24 26 27 | 27.0
Stealth        | 5 6 8 9 10 11 12 27 | 27.0
Spellcasting   | 11 12 14 15 18 20 22 25 27 | 27.0
Short Blades   | 7 11 13 16 18 20 22 26 | 26.1
Long Blades    | 7 11 13 16 18 20 22 26 | 26.1
Maces & Flails | 7 10 12 15 17 19 21 24 | 24.2
Polearms       | 7 10 12 15 17 19 21 24 | 24.2
Staves         | 7 11 13 16 18 20 22 26 | 26.1
Slings         | 7 10 12 15 17 19 21 24 | 24.2
Bows           | 7 10 12 15 17 19 21 24 | 24.2
Crossbows      | 7 10 12 15 17 19 21 24 | 24.2
Throwing       | 7 10 12 15 17 19 21 24 | 24.2
Armour         | 8 11 14 16 19 21 23 26 | 26.6
Shields        | 8 11 14 16 19 21 23 26 | 26.6
Invocations    | 8 11 14 16 19 21 23 26 | 26.6
Evocations     | 8 11 14 16 19 21 23 26 | 26.6
Unarmed Combat | |  3.0

Action                   |  1- 3 |  4- 6 |  7- 9 | 10-12 | 13-15 | 16-18 | 19-21 | 22-24 | 25-27 || total
-------------------------+-------+-------+-------+-------+-------+-------+-------+-------+-------++-------
Melee: Executioner's axe |     1 |       |       |     1 |     9 |    10 |    14 |    20 |    32 ||    87
 Cast: Manifold Assault  |       |       |       |       |     3 |     4 |     9 |     8 |    12 ||    36
       Polar Vortex      |       |       |       |       |       |       |       |       |     1 ||     1
Dodge: Dodged            |       |       |       |       |       |       |       |       |     2 ||     2
